 Dungeon Crawl Stone Soup version 0.31.0-11-ge490571c62 (webtiles) character file.

Game seed: 6452401035918203695

70 ProzacElf the Ruffian (level 4, 0/39 HPs)
             Began as a Troll Hedge Wizard on Jan 29, 2024.
             Was a Believer of Uskayaw.
             Slain by Crazy Yiuf
             ... wielding a +3 quarterstaff of chaos
              (7 damage)
             ... on level 2 of the Dungeon.
             The game lasted 00:03:27 (1642 turns).

ProzacElf the Ruffian (Troll Hedge Wizard)          Turns: 1642, Time: 00:03:28

Health: 0/39       AC:  4    Str: 18    XL:     4   Next: 4%
Magic:  0/6        EV: 10    Int: 10    God:    Uskayaw [**....]
Gold:   40         SH:  0    Dex: 11    Spells: 2/7 levels left

rFire   . .          .
                       - Unarmed
rCold   . . .        (no shield)
rNeg    . . .        n - +0 robe
rPois   .            a - +0 hat
rElec   .            (no cloak)
rCorr   .            (gloves unavailable)
SInv    .            (boots unavailable)
Will    .....        (no amulet)
Stlth   +            o - ring of flight
HPRegen 1.06/turn    (no ring)
MPRegen 0.10/turn

%: no passive effects
@: lethally poisoned (0 -> -5), flying
A: large, unfitting armour, claws 3, regeneration 1, shaggy fur 1, tough skin 1
a: Renounce Religion, Stomp, Line Pass


You were on level 2 of the Dungeon.
You worshipped Uskayaw.
Uskayaw was noncommittal.
You visited 1 branch of the dungeon, and saw 2 of its levels.

You collected 40 gold pieces.

Inventory:

Hand Weapons
 b - a +0 mace
 c - a +0 dagger
Missiles
 i - a throwing net (quivered)
Armour
 a - a +0 hat (worn)
 n - a +0 robe (worn)
Magical Staves
 r - a staff of conjuration {!a}
Jewellery
 o - a ring of flight (left claw)
 p - a ring of resist corrosion
Scrolls
 e - a scroll of teleportation {unknown}
 f - 4 scrolls of identify {unknown}
 g - a scroll of torment {unknown}
 j - a scroll of noise {unknown}
 k - 3 scrolls of enchant weapon {unknown}
 m - a scroll of fear {unknown}
Potions
 d - a potion of magic
 h - a potion of resistance {unknown}
 l - a potion of degeneration {unknown}
 q - a potion of invisibility {unknown}


   Skills:
 - Level 2.3 Dodging
 - Level 1.0 Stealth
 + Level 2.4 Unarmed Combat
 - Level 2.0 Spellcasting
 - Level 0.6 Conjurations
 - Level 0.6 Summonings
 - Level 0.6 Translocations
 + Level 1.3 Invocations


You had 2 spell levels left.
You knew the following spells:

 Your Spells              Type           Power      Damage    Failure   Level
a - Magic Dart            Conj           8%         1d3       24%         1
b - Call Imp              Summ           4%         N/A       36%         2
o - Blink                 Tloc           4%         N/A       36%         2

Your spell library contained the following spells:

 Spells                   Type           Power      Damage    Failure   Level
 Slow                     Hex            4%         N/A       30%         1
 Cigotuvi's Dreadful Rot  Necr/Alch/Air  2%         N/A       43%         2
 Mephitic Cloud           Conj/Alch/Air  1%         N/A       65%         3


Dungeon Overview and Level Annotations

Branches:
Dungeon (2/15)

Altars:
Uskayaw

Annotations:
D:2 Crazy Yiuf


Innate Abilities, Weirdness & Mutations

You are too large for most types of armour.
You have claws for hands.
Your natural rate of healing is unusually fast.
You are covered in fur. (AC +1)
You have tough skin. (AC +1)


Message History

Nay target in view!
Nay target in view!
Nay target in view!
Nay target in view!
Nay target in view!
Nay target in view!
Found a hammer.
Found a run'd translucent door.
Crazy Yiuf yells, "Whippet!
T'n pontify song."
As ye op'n tha door, it creaks loudly!
Ye scratch Crazy Yiuf.
Crazy Yiuf be lightly wounded.
Crazy Yiuf grits, "Ye!
Snoogle chair poople."
Crazy Yiuf barely misses ye.
Ye closely miss Crazy Yiuf.
Crazy Yiuf be lightly wounded.
Crazy Yiuf hits ye wit' a +3 quarterstaff o' chaos!
Ye feel yer power leakin' away.
Ye take 9 damage, an' haf 30/39 hp.
MASSIVE DAMAGE!!
Ye now haf 0/6 mp.
Ye claw Crazy Yiuf!
Crazy Yiuf be severely wounded.
Crazy Yiuf hits ye wit' a +3 quarterstaff o' chaos.
Ye can now pass through a line o' othar dancers.
Ye take 1 damage, an' haf 29/39 hp.
Ye scratch Crazy Yiuf.
Crazy Yiuf be almost dead.
Crazy Yiuf hits ye wit' a +3 quarterstaff o' chaos!
Crazy Yiuf burns ye.
Ye take 13 damage, an' haf 16/39 hp.
MASSIVE DAMAGE!!
Ye barely miss Crazy Yiuf.
Crazy Yiuf be almost dead.
Crazy Yiuf hits ye wit' a +3 quarterstaff o' chaos!
* * * LOW HITPOINT WARNIN'
* * * Ye be poison'd.
Ye take 6 damage, an' haf 10/39 hp.
Ye barely miss Crazy Yiuf.
Crazy Yiuf be almost dead.
* * * LOW HITPOINT WARNIN'
* * * Ye feel very sick.
Crazy Yiuf hits ye wit' a +3 quarterstaff o' chaos!
Ye die...

#.# #.# #.#####.#
#)# ### ###.....#
#######.# #####<#
#.<.....# ##### #.#
#...##### #..)# #.#
###.# #...# #.# #.#
... #.# #.# #g# #.#
#.# ##@# #####.#####
#.# #.##
#.........## #..
##.# #####.#.....
### #.## #.#.....
##.## #.#.._..
#...## #####.).....
#....# #...........
#....# #.....#.##.#
#....####.#####.)..#


You could see Crazy Yiuf.

Vanquished Creatures
  2 adders (D:2)
  2 dart slugs
  A ribbon worm (D:2)
  5 ball pythons
  2 giant cockroaches
  6 goblins
  5 hobgoblins
  5 jackals
  5 bats
  2 frilled lizards
  3 kobolds
  6 rats
44 creatures vanquished.

Notes
Turn   | Place    | Note
-------+----------+-------------------------------------------
     0 | D:1      | ProzacElf the Troll Hedge Wizard began the quest for the
                  | Orb.
     0 | D:1      | Reached XP level 1. HP: 16/16 MP: 2/2
    42 | D:1      | Reached skill level 1 in Unarmed Combat
    44 | D:1      | Reached XP level 2. HP: 23/24 MP: 4/4
    51 | D:1      | Learned a level 2 spell: Blink
    54 | D:1      | Learned a level 2 spell: Call Imp
   300 | D:1      | You fall into a shaft and drop 1 floor!
  1248 | D:2      | Found a hide-covered altar of Uskayaw.
  1257 | D:2      | Became a worshipper of Uskayaw the Reveller
  1265 | D:2      | Reached XP level 3. HP: 31/31 MP: 5/5
  1295 | D:2      | Reached * piety under Uskayaw
  1329 | D:2      | Reached ** piety under Uskayaw
  1463 | D:2      | Reached skill level 1 in Invocations
  1618 | D:2      | Reached XP level 4. HP: 39/39 MP: 6/6
  1632 | D:2      | Found a runed translucent door.
  1633 | D:2      | Noticed Crazy Yiuf
  1642 | D:2      | Slain by Crazy Yiuf

Illustrated notes

Levels and vault maps discovered:
D:1:      minmay_arrival_glassed_features, layout_basic
D:2:      layout_loops_ring, basic_altar, nicolae_figureground_sparkle,
          uniq_crazy_yiuf_cottage

Skill      XL: |  1  2  3 |
---------------+----------+-----
Unarmed Combat | 1 2 |  2.4
Dodging        | 2 |  2.3
Invocations    | 1 |  1.3
Stealth        | |  1.0
Spellcasting   | |  2.0
Conjurations   | |  0.6
Summonings     | |  0.6
Translocations | |  0.6

Action                     |  1- 3 |  4- 6 || total
---------------------------+-------+-------++-------
  Melee: Unarmed           |   107 |     7 ||   114
   Stab: Sleeping          |     1 |     1 ||     2
 Armour: Robe              |    67 |     5 ||    72
  Dodge: Dodged            |    48 |     1 ||    49

Action                     |  1- 3 |  4- 6 || total
---------------------------+-------+-------++-------
  Melee: Unarmed           |   107 |     7 ||   114
   Stab: Sleeping          |     1 |     1 ||     2
 Armour: Robe              |    67 |     5 ||    72
  Dodge: Dodged            |    48 |     1 ||    49

Levels and vault maps discovered:
D:1:      minmay_arrival_glassed_features, layout_basic
D:2:      layout_loops_ring, basic_altar, nicolae_figureground_sparkle,
          uniq_crazy_yiuf_cottage
